 Dungeon Crawl Stone Soup version 0.31-a0-1159-g800acc2fd1 (webtiles) character file.

Game seed: 16668607793880213781

78 Malachi the Trooper (level 4, -6/37 HPs)
             Began as a Demonspawn Chaos Knight on Dec 8, 2023.
             Was a Plaything of Xom.
             Splashed by a jelly's acid (8 damage)
             ... on level 2 of the Dungeon.
             The game lasted 00:01:43 (1302 turns).

Malachi the Trooper (Demonspawn Chaos Knight)       Turns: 1302, Time: 00:01:43

Health: -6/37      AC:  2    Str: 14    XL:     4   Next: 15%
Magic:  4/4        EV: 11    Int: 13    God:    Xom [..*...]
Gold:   72         SH:  0    Dex: 12    Spells: 3/3 levels left

rFire   + . .        a - +0 spear (chaos)
rCold   + . .        (no shield)
rNeg    . . .        b - +2 leather armour
rPois   .            (no helmet)
rElec   .            g - scarf {rC+ rF+}
rCorr   .            (no gloves)
SInv    .            (no boots)
Will    .....        (no amulet)
Stlth   +            (no ring)
HPRegen 0.26/turn    (no ring)
MPRegen 0.09/turn

%: no passive effects
@: corroded
A: rugged brown scales 1, demonic guardian 1, ignite blood 1
a: Renounce Religion


You were on level 2 of the Dungeon.
You worshipped Xom.
You were a toy of Xom.
You visited 1 branch of the dungeon, and saw 2 of its levels.

You collected 72 gold pieces.

Inventory:

Hand Weapons
 a - a +0 spear of chaos (weapon)
Armour
 b - a +2 leather armour (worn)
 g - a scarf of resistance (worn)
Magical Staves
 h - a staff of poison
Scrolls
 c - a scroll of butterflies
 d - a scroll of poison {unknown}
 e - a scroll of fog {unknown}
 f - 2 scrolls of identify {unknown}
Potions
 i - a potion of degeneration {unknown}
 j - a potion of attraction {unknown}


   Skills:
 + Level 3.6 Fighting
 + Level 3.2 Polearms
 + Level 2.4 Armour
 + Level 1.9 Dodging


You had 3 spell levels left.
You didn't know any spells.
Your spell library contained the following spells:

 Spells                   Type           Power      Damage    Failure   Level
 Apportation              Tloc           0%         N/A       36%         1
 Necrotise                Necr           0%         1d4       36%         1
 Summon Small Mammal      Summ           0%         N/A       36%         1


Dungeon Overview and Level Annotations

Branches:
Dungeon (2/15)

Altars:
Ashenzari
Nemelex Xobeh
Qazlal
Vehumet
Xom

Shops:
D:1 *


Innate Abilities, Weirdness & Mutations

You are partially covered in rugged brown scales. (AC +1, +3% HP)
A weak demonic guardian rushes to your aid.
Your demonic aura sometimes causes spilled blood to erupt in flames.


Message History

The jelly is lightly wounded.
The jelly hits you but does no damage.
Your iron imp hits the jelly.
The acid corrodes your iron imp!
Your iron imp is burned by acid!
You hit the jelly. You freeze the jelly.
Your hands burn!
The jelly is severely wounded.
The endoplasm hits the fungus.
Something hits the fungus.
The fungus is splashed with acid.
Something hits the fungus.
The jelly hits you but does no damage.
You hit the jelly but do no damage.
Your hands burn!
The jelly is severely wounded.
A nearby fungus withers and dies.
Something hits the toadstool but does no damage.
The endoplasm hits your iron imp.
The jelly jiggles.
The jelly hits you.
You are splashed with acid!
Your iron imp hits the jelly.
Your iron imp seems to be corroded for longer.
Your iron imp is burned by acid!
You hit the jelly. The acid corrodes you!
Your hands burn!
* * * LOW HITPOINT WARNING * * *
The jelly is almost dead.
The jelly blinks!
Something hits the toadstool.
Your iron imp barely misses the endoplasm.
Unknown command.
The endoplasm attacks as it pursues you!
The endoplasm closely misses you.
Your iron imp hits the jelly.
Your iron imp is burned by acid!
You barely miss the jelly.
The jelly is almost dead.
The jelly barely misses you.
You hit the jelly but do no damage.
Your hands burn!
* * * LOW HITPOINT WARNING * * *
A demonic guardian appears!
The jelly is almost dead.
Your iron imp completely misses the endoplasm.
Something barely misses your iron imp. The jelly hits you.
* * * LOW HITPOINT WARNING * * *
The acid corrodes you!
You are splashed with acid!
You die...
Xom snickers!

..#
##.....##
#.......#
#.......#
#.......#
#.......#
####....#
##..'....#
#.########
##..5J@J##
#.
#######J#
..
..÷JJJ.J5#
.PJ_JJ...#
#.#
.....J÷P.#
... ∆
..._÷..P.#
#.# #
...P._.÷÷#
..#
!...÷..P.#
..#
##########


You could see 2 jellies, an endoplasm and 2 friendly iron imps.

Vanquished Creatures
  A jelly (D:2)
  An adder (D:2)
  4 ball pythons
  5 bats
  4 endoplasms
  A giant cockroach (D:1)
  3 goblins (D:1)
  2 hobgoblins (D:1)
  10 kobolds
  A frilled lizard (D:1)
  3 rats (D:1)
35 creatures vanquished.

Vanquished Creatures (others)
  A kobold zombie (D:2)
1 creature vanquished.

Grand Total: 36 creatures vanquished

Notes
Turn   | Place    | Note
-------+----------+-------------------------------------------
     0 | D:1      | Malachi the Demonspawn Chaos Knight began the quest for the
                  | Orb.
     0 | D:1      | Reached XP level 1. HP: 18/18 MP: 1/1
    75 | D:1      | Reached skill level 1 in Dodging
   119 | D:1      | Found Ceotola's Assorted Antiques.
   217 | D:1      | XOM: silly message
   252 | D:1      | Gained mutation: You are partially covered in rugged brown
                  | scales. (AC +1, +3% HP) [demonic ancestry]
   252 | D:1      | Reached XP level 2. HP: 17/24 MP: 2/2
   459 | D:1      | XOM: 2-stop teleportation journey
   610 | D:1      | XOM: scenery: summon butterflies
   726 | D:1      | XOM: god gift: scarf of resistance
   780 | D:1      | XOM: scenery: summon butterflies
   851 | D:1      | XOM: god gift: staff of poison
  1011 | D:2      | Gained mutation: Your demonic aura sometimes causes spilled
                  | blood to erupt in flames. [demonic ancestry]
  1011 | D:2      | Reached XP level 3. HP: 29/29 MP: 3/3
  1034 | D:2      | XOM: smoke on damage
  1145 | D:2      | XOM: divination: detect items
  1146 | D:2      | XOM: confuse monster(s)
  1165 | D:2      | Xom revived you
  1165 | D:2      | Xom revived you
  1167 | D:2      | Gained mutation: A weak demonic guardian rushes to your
                  | aid. [demonic ancestry]
  1167 | D:2      | Reached XP level 4. HP: 8/37 MP: 4/4
  1288 | D:2      | Found a broken altar of Ashenzari.
  1288 | D:2      | Found a radiant altar of Vehumet.
  1288 | D:2      | Found a sparkling altar of Nemelex Xobeh.
  1288 | D:2      | Found a shimmering altar of Xom.
  1288 | D:2      | Found a stormy altar of Qazlal.
  1302 | D:2      | Splashed by a jelly's acid

Illustrated notes

Levels and vault maps discovered:
D:1:      onia_arrival_mini_maze_b, layout_basic, serial_shops, shop,
          serial_rivers, chequers_serial_rivers_micro_e,
          chequers_serial_rivers_small_a, chequers_serial_rivers_room_b,
          chequers_serial_rivers_micro_c, chequers_serial_rivers_micro_c,
          chequers_serial_rivers_large_a
D:2:      cheibrodos_fertilizer, layout_loops_ring, small_statue_intersection,
          uniq_sigmund, uniq_robin

Skill      XL: |  1  2 |
---------------+-------+-----
Dodging        | 1 |  1.9
Armour         | 2 |  2.4
Polearms       | 3 |  3.2
Fighting       | |  3.6

Action                     |  1- 3 |  4- 6 || total
---------------------------+-------+-------++-------
  Melee: Spear             |   124 |    12 ||   136
 Armour: Leather armour    |    68 |     6 ||    74
  Dodge: Dodged            |    57 |     3 ||    60

Table legend: (Time is in decaauts)
 A = Elapsed time spent in this place.
 B = Non-inter-level travel time spent in this place.
 C = Inter-level travel time spent in this place.
 D = Time resting spent in this place.
 E = Time spent auto-exploring this place.
 F = Levels seen in this place.
 G = Mean time per level.
                   A        B        C        D        E       F      G
               +--------+--------+--------+--------+--------+-----+--------+
         Total |   1310 |   1296 |     14 |      0 |   1041 |   2 |  655.0 |
       Dungeon |   1310 |   1296 |     14 |      0 |   1041 |   2 |  655.0 |
               +--------+--------+--------+--------+--------+-----+--------+

Top non-repeatable levels by time:
     D:1: 914 daAuts
     D:2: 395 daAuts
